Map: 로스트 앤 파운드 - 래더

Players

lIIllllIIlll (INnoVation)

  • Race: Terran Terran
  • League: Master
  • Spawn Location: 7:00

FanTaSy - Winner!

  • Race: Terran Terran
  • League: Diamond
  • Spawn Location: 1:00

Event: HomeStory Cup XVII

VOD

Have the link to the VOD?

Description

Time

  • Played on: June 29, 2018, 4:02 p.m.
  • Length: 11:05

All games in this series

Show
View Real Time Build Order
Export as new Build Order

lIIllllIIlll Terran 

Build Orders: Cyclone Opening, Bio Tank 

Get SALT Encoding   

  12  0:00  SCV  
  13  0:13  SCV  
  14  0:16  Supply Depot  
  14  0:25  SCV  
  14  0:28  Refinery  
  15  0:38  SCV  
  16  0:44  Barracks  
  16  0:50  SCV  
  16  0:54  Refinery  
  17  1:02  SCV  
  18  1:14  SCV  
  19  1:31  Orbital Command, Factory  
  19  1:33  Reaper  
  20  1:46  Supply Depot  
  20  1:56  SCV  
  21  2:05  Reaper  
  22  2:08  SCV  
  22  2:14  Cyclone  
  26  2:21  SCV  
  27  2:29  Command Center  
  27  2:33  SCV  
  28  2:39  Barracks Reactor  
  28  2:45  Starport, SCV  
  29  2:51  Supply Depot  
  29  2:54  Factory Tech Lab  
  29  2:57  SCV  
  30  3:04  Bunker  
  30  3:09  SCV  
  31  3:16  Marine x2  
  33  3:21  SCV  
  34  3:27  Raven  
  34  3:31  Factory Tech Lab  
  34  3:33  SCV  
  34  3:34  Marine x2  
  39  3:41  Orbital Command  
  39  3:45  SCV  
  39  3:51  Marine x2  
  39  3:54  Siege Tank  
  44  4:01  SCV  
  45  4:08  SCV  
  46  4:10  Supply Depot  
  46  4:13  SCV  
  46  4:15  Barracks  
  47  4:19  Marine  
  47  4:21  Barracks  
  47  4:22  Starport Reactor  
  48  4:26  SCV x2  
  50  4:31  Refinery  
  50  4:33  Engineering Bay  
  50  4:37  Marine  
  51  4:38  SCV x2  
  51  4:44  Siege Tank  
  56  4:53  SCV x2  
  56  4:56  Barracks Tech Lab  
  55  5:03  Marine x2  
  55  5:05  SCV x2  
  59  5:10  Starport Reactor, Terran Infantry Weapons Level 1  
  59  5:12  Supply Depot  
  59  5:14  Supply Depot, Marine  
  59  5:15  Stimpack, Marine x2  
  59  5:17  SCV  
  62  5:28  Supply Depot  
  62  5:33  Siege Tank, Marine x2, SCV  
  62  5:34  SCV  
  69  5:37  Supply Depot  
  69  5:38  Marine x2  
  69  5:39  Marine  
  72  5:49  Medivac  
  74  5:52  Marine x2  
  74  5:53  Medivac  
  74  5:56  Marine x3, SCV x2  
  74  6:08  SCV x2  
  74  6:10  Marine  
  77  6:13  Marine  
  77  6:14  Marine x3, Siege Tank  
  84  6:20  SCV x2  
  86  6:28  Marine  
  87  6:34  SCV x2  
  87  6:39  Command Center, Supply Depot  
  89  6:40  Supply Depot  
  89  6:50  Marine x2, Siege Tank  
  89  6:53  Marine  
  94  6:56  Refinery  
  94  7:02  Marine x2, SCV x2  
  94  7:07  Terran Infantry Armor Level 1  
  94  7:08  Marine  
  99  7:15  Combat Shields  
  94  7:16  SCV x2  
  90  7:23  Medivac x2  
  90  7:28  SCV x2  
  93  7:30  Marine x4  
  93  7:31  Marine  
  96  7:40  SCV x2  
  90  7:44  Siege Tank  
  90  7:48  Marine x3  
  93  7:52  SCV x2  
  93  7:56  Refinery  
  95  8:04  SCV x2  
  95  8:05  Barracks  
  97  8:06  Marine x4, Barracks  
  97  8:07  Marine  
  97  8:11  Medivac  
  104  8:15  Medivac  
  104  8:18  SCV x2  
  108  8:25  Siege Tank  
  108  8:26  Orbital Command  
  111  8:31  Marine x5  
  116  8:37  SCV  
  117  8:43  Armory  
  117  8:44  Engineering Bay  
  117  8:53  Barracks Reactor x2, Marine x2, SCV  
  117  9:01  Sensor Tower, Supply Depot  
  117  9:04  Supply Depot  
  117  9:05  Marine, SCV x3  
  117  9:07  Refinery, Supply Depot  
  117  9:08  Refinery  
  121  9:12  Siege Tank  
  121  9:14  Marine  
  121  9:15  Marine  
  121  9:16  Marine  
  121  9:21  SCV x2  
  119  9:29  Marine x2  
  119  9:30  Marine  
  120  9:31  SCV  
  120  9:33  SCV x2  
  123  9:44  Siege Tank, SCV  
  123  9:45  SCV x2  
  129  9:46  Marine  
  127  9:56  SCV  
  127  9:57  SCV x2  
  130  10:03  Marine x2  
  130  10:06  Supply Depot  
  132  10:08  Supply Depot  
  132  10:09  SCV x2  
  134  10:21  Supply Depot, Marine x4  
  135  10:22  Marine x2  
  135  10:27  Siege Tank  
  142  10:33  Marine x3  
  127  10:38  Marine  
  127  10:39  Marine x2  
Show
View Real Time Build Order
Export as new Build Order

FanTaSy Terran - Winner!

Build Orders: Cyclone Opening, Bio Tank, Cyclone Timing 

Get SALT Encoding   

  12  0:00  SCV  
  13  0:12  SCV  
  14  0:17  Supply Depot  
  14  0:24  SCV  
  15  0:29  Refinery  
  15  0:38  SCV  
  16  0:43  Barracks  
  16  0:50  SCV  
  16  0:55  Refinery  
  17  1:02  SCV  
  18  1:14  SCV  
  19  1:30  Factory, Orbital Command  
  19  1:34  Reaper  
  20  1:41  Supply Depot  
  20  1:56  SCV  
  21  2:06  Reaper  
  21  2:08  SCV  
  23  2:13  Cyclone  
  26  2:20  SCV  
  27  2:29  Command Center  
  27  2:35  Supply Depot  
  27  2:38  Barracks Reactor  
  27  2:40  SCV  
  28  2:48  Cyclone  
  31  2:57  SCV  
  32  3:02  Starport  
  32  3:09  SCV  
  33  3:14  Marine x2  
  35  3:20  Supply Depot  
  35  3:21  SCV  
  35  3:24  Cyclone  
  39  3:40  Orbital Command, Medivac, SCV  
  42  3:49  Marine x2  
  42  3:52  SCV  
  45  4:01  Factory Tech Lab  
  45  4:05  SCV  
  45  4:07  Marine x2, SCV  
  49  4:17  SCV  
  50  4:18  Liberator  
  50  4:19  SCV  
  50  4:23  Siege Tank  
  53  4:27  Marine  
  53  4:28  Marine  
  53  4:29  SCV  
  56  4:31  SCV  
  56  4:32  Refinery  
  59  4:39  Supply Depot x2  
  59  4:41  SCV  
  59  4:44  SCV  
  61  4:45  Marine  
  62  5:00  Siege Tank, Marine, SCV  
  62  5:03  Marine  
  62  5:04  SCV  
  69  5:12  SCV  
  69  5:17  SCV  
  69  5:18  Viking, Marine  
  69  5:21  Marine  
  73  5:22  Supply Depot  
  73  5:23  Supply Depot  
  73  5:24  SCV  
  72  5:32  Siege Tank  
  72  5:33  Command Center  
  75  5:36  SCV  
  75  5:37  SCV  
  78  5:48  SCV, Starport Reactor, Barracks  
  78  5:49  Barracks, SCV  
  79  5:52  Barracks Tech Lab  
  79  5:59  Refinery  
  79  6:00  SCV  
  79  6:01  SCV  
  78  6:05  Siege Tank  
  81  6:12  SCV  
  81  6:13  Marine, SCV  
  81  6:14  Stimpack  
  81  6:17  Engineering Bay x2  
  84  6:19  Supply Depot x2  
  84  6:24  SCV  
  84  6:25  SCV  
  86  6:30  Marine  
  87  6:37  SCV x2  
  87  6:38  Siege Tank  
  92  6:41  Marine x2  
  92  6:43  Viking  
  96  6:48  Viking, Barracks Reactor, Marine  
  96  6:49  SCV  
  96  6:53  Orbital Command  
  100  7:01  Marine x2  
  100  7:04  SCV x2  
  100  7:06  Marine  
  105  7:13  Siege Tank  
  108  7:17  SCV x2  
  108  7:19  Marine x2  
  91  7:23  Viking  
  91  7:24  Viking, Marine  
  91  7:29  Marine, SCV x3  
  96  7:36  Marine  
  96  7:37  Marine  
  95  7:42  SCV x2  
  93  7:47  Marine x3  
  90  7:51  Siege Tank  
  90  7:54  Terran Infantry Armor Level 1, Marine x2, Terran Infantry Weapons Level 1  
  90  7:56  SCV x3  
  98  7:59  Refinery  
  98  8:00  Refinery  
  98  8:05  Medivac x2, Marine  
  103  8:13  SCV x3  
  103  8:14  Combat Shields  
  103  8:16  Barracks x2  
  106  8:20  Marine x4  
  106  8:23  Marine  
  106  8:24  Siege Tank  
  106  8:26  SCV x3  
  117  8:33  Liberator  
  116  8:34  Supply Depot x2  
  116  8:35  Supply Depot  
  116  8:37  Armory, Liberator  
  116  8:39  Sensor Tower  
  116  8:40  Marine x2  
  116  8:41  Marine x3  
  122  8:58  Marine x4  
  122  8:59  Marine  
  122  9:01  Supply Depot x2  
  122  9:02  Supply Depot  
  126  9:03  Siege Tank  
  126  9:08  Barracks Reactor  
  126  9:09  Barracks Reactor  
  129  9:12  Missile Turret  
  129  9:13  Missile Turret  
  129  9:16  Marine x3  
  129  9:17  Marine x2  
  130  9:34  Marine x4  
  130  9:36  Command Center  
  135  9:44  Siege Tank  
  138  9:46  Marine x4  
  138  9:52  Marine x2  
  143  9:54  Factory  
  143  9:55  Supply Depot  
  143  9:56  Supply Depot  
  143  9:59  Refinery, Barracks Reactor  
  141  10:01  Marine x2  
  141  10:04  Marine x4  
  147  10:09  Medivac x2  
  147  10:10  Marine x2  
  153  10:23  Marine x6  
  153  10:27  Marine  
  153  10:28  Marine  
  153  10:37  Marine x2  
  153  10:41  Marine x2  
Tags
 
Add a new tag
Caveats
  • Supply blocks, unpowered buildings, or Contaminate may cause inaccurate times.
  • Supply counts are checked every 10 seconds.